 Dungeon Crawl Stone Soup version 0.32-a0-872-g59262bdc9b (webtiles) character file.

Game seed: 15748236785950648673

1081 Biggs the Skirmisher (level 8, -6/56 HPs)
             Began as a Coglin Hunter on Mar 30, 2024.
             Was an Initiate of Okawaru.
             Mangled by Prince Ribbit (15 damage)
             ... on level 6 of the Dungeon.
             The game lasted 00:07:04 (4428 turns).

Biggs the Skirmisher (Coglin Hunter)                Turns: 4428, Time: 00:07:05

Health: -6/56      AC:  4    Str: 12    XL:     8   Next: 29%
Magic:  8/8        EV: 12    Int:  9    God:    Okawaru [......]
Gold:   309        SH:  0    Dex: 19    Spells: 7/7 levels left

rFire   . . .        a - +2 sling {Uttamveer}
rCold   . . .        d - +0 sling {Charoen}
rNeg    . . .        c - +0 leather armour
rPois   .            (no helmet)
rElec   .            (no cloak)
rCorr   .            f - +0 pair of gloves
SInv    .            (no boots)
Will    .....        (amulet unavailable)
Stlth   ++           (ring unavailable)
HPRegen 0.29/turn    (ring unavailable)
MPRegen 0.11/turn    (no gizmo)

%: no passive effects
@: revved
A: off-hand wielding, slow wielding, warmup strikes, no jewellery
a: Invent Gizmo, Renounce Religion


You were on level 6 of the Dungeon.
You worshipped Okawaru.
Okawaru was noncommittal.
You visited 2 branches of the dungeon, and saw 7 of its levels.

You collected 339 gold pieces.
You spent 30 gold pieces at shops.

Inventory:

Hand Weapons
 a - a +2 sling (weapon) {Uttamveer}
 d - a +0 sling (offhand) {Charoen}
Armour
 c - a +0 leather armour (worn)
 f - a +0 pair of gloves (worn)
Wands
 o - a wand of warping (6)
 x - a wand of polymorph (6)
Scrolls
 b - a scroll of butterflies
 i - 2 scrolls of immolation
 j - 2 scrolls of blinking
 k - a scroll of amnesia
 l - 6 scrolls of teleportation
 n - a scroll of noise
 r - a scroll of vulnerability
 s - 2 scrolls of enchant armour {unknown}
 u - 2 scrolls of fear {unknown}
 w - a scroll of revelation {unknown}
Potions
 e - a potion of ambrosia {unknown}
 g - 3 potions of brilliance {unknown}
 h - 2 potions of degeneration {unknown}
 m - a potion of might {unknown}
 p - a potion of mutation {unknown}
 q - a potion of enlightenment {unknown}
 t - 3 potions of curing {unknown}
 v - 2 potions of heal wounds {unknown}
 z - a potion of cancellation {unknown}
 A - 3 potions of haste {unknown}
 B - a potion of lignification {unknown}


   Skills:
 - Level 2.0 Fighting
 + Level 9.2 Ranged Weapons
 - Level 2.8 Dodging
 - Level 0.7 Stealth


You had 7 spell levels left.
You didn't know any spells.
Your spell library contained the following spells:

 Spells                   Type           Power      Damage    Failure   Level
 Magic Dart               Conj           0%         1d3       45%         1
 Lesser Beckoning         Tloc           0%         N/A       61%         2
 Momentum Strike          Conj/Tloc      0%         3d8       61%         2
 Mephitic Cloud           Conj/Alch/Air  0%         N/A       83%         3
 Teleport Other           Tloc           0%         N/A       83%         3
 Brom's Barrelling Bould  Conj/Erth      0%         2d3       99%         4
 Maxwell's Portable Pile  Tloc           0%         2d(5-10)  99%         4
 Fireball                 Conj/Fire      0%         3d3       100%        5
 Iskenderun's Battlesphe  Conj           0%         2d6       100%        5
 Conjure Ball Lightning   Conj/Air       0%         3x3d6     100%        6
 Orb of Destruction       Conj           0%         9d5       100%        7
 Animate Armour           Summ/Erth      Unusable   N/A       N/A         4

Dungeon Overview and Level Annotations

Branches:
Dungeon (6/15)             Temple (1/1) D:5

Altars:
Ashenzari
Cheibriados
Dithmenos
Elyvilon
Gozag
Hepliaklqana
Kikubaaqudgha
Makhleb
Nemelex Xobeh
Okawaru
Vehumet
Xom
The Shining One

Shops:
D:4 *

Annotations:
D:6 Prince Ribbit


Innate Abilities, Weirdness & Mutations

You can wield a second weapon in your off-hand.
It takes a long time for you to wield or remove held weapons.
Your first few attacks do less damage.
You cannot equip rings or amulets.


Message History

Prince Ribbit is moderately wounded.
Prince Ribbit hits you!
Unknown command.
You shoot a sling bullet. The sling bullet hits Prince Ribbit.
Prince Ribbit is heavily wounded.
You shoot a sling bullet. The sling bullet misses Prince Ribbit.
Prince Ribbit closely misses you. Prince Ribbit hits you!
Unknown command.
You are too injured to fight recklessly!
Unknown command.
You are too injured to fight recklessly!
Unknown command.
You are too injured to fight recklessly!
Fire: a) +2 sling {Uttamveer}
Press: ? - help, Q - select action, (/) - cycle Shift-Dir - straight line, f/p - Prince Ribbit
Aim: Prince Ribbit (heavily wounded, 48% to hit)
You shoot a sling bullet.
The sling bullet barely misses Prince Ribbit.
You shoot a sling bullet. The sling bullet hits Prince Ribbit.
Prince Ribbit is heavily wounded.
Prince Ribbit completely misses you.
Fire: a) +2 sling {Uttamveer}
Press: ? - help, Q - select action, (/) - cycle Shift-Dir - straight line, f/p - Prince Ribbit
Aim: Prince Ribbit (heavily wounded, 48% to hit)
You shoot a sling bullet. The sling bullet hits Prince Ribbit.
Prince Ribbit is severely wounded.
You shoot a sling bullet.
The sling bullet barely misses Prince Ribbit.
Prince Ribbit hits you!
* * * LOW HITPOINT WARNING * * *
Unknown command.
Okay, then.
Fire: a) +2 sling {Uttamveer}
Press: ? - help, Q - select action, (/) - cycle Shift-Dir - straight line, f/p - Prince Ribbit
Aim: Prince Ribbit (severely wounded, 48% to hit)
You shoot a sling bullet. The sling bullet hits Prince Ribbit!
Prince Ribbit is almost dead.
You shoot a sling bullet. The sling bullet misses Prince Ribbit.
Prince Ribbit hits you!
You die...

.......#######.###
.......##(.......#
.................#
......####.####..#
......##.....##..#
.##.#.#.......#..#
. #...#.......#..#
>.#....._....F##
.. ..#......(#.@#
..
...#.......#.....#
## ##.....##.###.#
###.####.# .. ...
..# ..! #### #.##
## #. #.


You could see Prince Ribbit.

Vanquished Creatures
  Sigmund (D:2)
  2 ice beasts
  A black bear (D:4)
  An ogre (D:5)
  2 howler monkeys (D:5)
  A hound (D:5)
  2 orc priests (D:5)
  A sleepcap (D:4)
  Terence (D:2)
  2 iguanas
  3 orc wizards
  6 gnolls (D:4)
  4 adders
  5 dart slugs
  3 ribbon worms
  12 orcs
  5 ball pythons
  10 endoplasms
  5 giant cockroaches
  7 goblins
  3 hobgoblins
  10 jackals
  2 quokkas (D:2)
  7 bats
  6 frilled lizards (D:1)
  13 kobolds
  10 rats
125 creatures vanquished.

Notes
Turn   | Place    | Note
-------+----------+-------------------------------------------
     0 | D:1      | Biggs the Coglin Hunter began the quest for the Orb.
     0 | D:1      | Reached XP level 1. HP: 16/16 MP: 1/1
    97 | D:1      | Reached skill level 4 in Ranged Weapons
    97 | D:1      | Reached XP level 2. HP: 22/22 MP: 2/2
   215 | D:1      | Reached XP level 3. HP: 27/27 MP: 3/3
   215 | D:1      | Found a faded altar of an unknown god.
   579 | D:2      | Noticed Sigmund
   587 | D:2      | Killed Sigmund
   588 | D:2      | Reached skill level 6 in Ranged Weapons
   588 | D:2      | Reached XP level 4. HP: 10/33 MP: 4/4
   588 | D:2      | Reached XP level 5. HP: 12/38 MP: 5/5
   734 | D:2      | Noticed Terence
   745 | D:2      | Killed Terence
   746 | D:2      | Reached XP level 6. HP: 8/44 MP: 6/6
  1060 | D:2      | Got the Anthology of Force and Amathomancy
  1621 | D:3      | Found a sparkling altar of Nemelex Xobeh.
  2351 | D:4      | Found Oquamm's General Store.
  2359 | D:4      | Bought a scroll of teleportation for 30 gold pieces
  2480 | D:4      | Noticed an ice beast
  2489 | D:4      | Killed an ice beast
  2490 | D:4      | Reached skill level 7 in Ranged Weapons
  2694 | D:4      | Reached XP level 7. HP: 50/50 MP: 7/7
  2768 | D:4      | Found a glowing golden altar of the Shining One.
  2768 | D:4      | Found a radiant altar of Vehumet.
  3569 | D:5      | Entered Level 5 of the Dungeon
  3579 | D:5      | Reached skill level 8 in Ranged Weapons
  3722 | D:5      | Found a broken altar of Ashenzari.
  3726 | D:5      | Saw a vision of the Shoals and the Snake Pit.
  3726 | D:5      | Noticed a merfolk
  3726 | D:5      | Noticed a merfolk aquamancer
  3726 | D:5      | Noticed a kraken
  3726 | D:5      | Noticed a black mamba
  3726 | D:5      | Noticed a sea snake
  3726 | D:5      | Noticed a sea snake
  3726 | D:5      | Noticed a naga mage
  3726 | D:5      | Noticed a naga
  3726 | D:5      | Noticed a black mamba
  3726 | D:5      | Noticed a guardian serpent
  3726 | D:5      | Noticed a black mamba
  3726 | D:5      | Noticed a snapping turtle
  3727 | D:5      | Noticed a black mamba
  3727 | D:5      | Noticed a kraken
  3728 | D:5      | Noticed a manticore
  3760 | D:5      | Reached XP level 8. HP: 51/56 MP: 8/8
  3997 | D:5      | Found a staircase to the Ecumenical Temple.
  4046 | Temple   | Entered the Ecumenical Temple
  4060 | Temple   | Became a worshipper of Warmaster Okawaru
  4223 | D:6      | Reached skill level 9 in Ranged Weapons
  4409 | D:6      | Found a shimmering altar of Xom.
  4419 | D:6      | Noticed Prince Ribbit
  4428 | D:6      | Mangled by Prince Ribbit

Illustrated notes

Levels and vault maps discovered:
D:1:      grunt_arrival_lava_bath, layout_rooms,
          hellmonk_ecumenical_altar_zigzags
D:2:      layout_basic, hangedman_abyss_or_decor_lesser_grid,
          minmay_randomly_rotated_circles, uniq_sigmund, uniq_terence
D:3:      layout_basic, old_standard_altar, grunt_ministairs_12
D:4:      layout_loops_corners, gammafunk_temple_overflow_statue, serial_shops,
          shop, serial_rivers, chequers_serial_rivers_large_b,
          chequers_serial_rivers_marsh, chequers_serial_rivers_micro_d,
          chequers_serial_rivers_micro_c, chequers_serial_rivers_micro_c,
          minmay_puff
D:5:      layout_layer_cave, grunt_ashenzari_visionary
          [grunt_ashenzari_visionary_shoals, grunt_ashenzari_visionary_snake],
          minmay_temple_entry_statues_pillars
D:6:      layout_loops_cross, old_standard_altar, dreamdust_wishing_well,
          uniq_prince_ribbit1, uniq_maggie
Temple:   nicolae_temple_bog_church

Skill      XL: |  1  2  3  4  5  6  7  8 |
---------------+-------------------------+-----
Ranged Weapons | 4 6 7 8 9 |  9.2
Dodging        | 2 |  2.8
Fighting       | |  2.0
Stealth        | |  0.7

Action                     |  1- 3 |  4- 6 |  7- 9 || total
---------------------------+-------+-------+-------++-------
   Fire: Sling             |   120 |   222 |   252 ||   594
    Use: Scroll            |       |       |     5 ||     5
 Armour: Leather armour    |     9 |    17 |    24 ||    50
  Dodge: Dodged            |       |    14 |    19 ||    33

Table legend: (Time is in decaauts)
 A = Elapsed time spent in this place.
 B = Non-inter-level travel time spent in this place.
 C = Inter-level travel time spent in this place.
 D = Time resting spent in this place.
 E = Time spent auto-exploring this place.
 F = Levels seen in this place.
 G = Mean time per level.
                   A        B        C        D        E       F      G
               +--------+--------+--------+--------+--------+-----+--------+
         Total |   4492 |   4249 |    243 |     98 |   3532 |   7 |  641.7 |
       Dungeon |   4467 |   4232 |    235 |     98 |   3532 |   6 |  744.5 |
        Temple |     24 |     16 |      8 |      0 |      0 |   1 |   24.0 |
               +--------+--------+--------+--------+--------+-----+--------+

Top non-repeatable levels by time:
     D:4: 1313 daAuts
     D:2: 954 daAuts
     D:3: 897 daAuts
     D:5: 696 daAuts
     D:1: 465 daAuts
     D:6: 140 daAuts
  Temple: 24 daAuts
